 Dungeon Crawl Stone Soup version 0.25-a0-35-g747a2b3c0c (webtiles) character file.

Game seed: 2452540812079111410, levelgen mode: deterministic

67 Flugkiller the Vexing (level 4, -5/28 HPs)
             Began as an Octopode Arcane Marksman on Oct 19, 2019.
             Slain by a worm (11 damage)
             ... on level 3 of the Dungeon.
             The game lasted 00:02:57 (2614 turns).

Flugkiller the Vexing (Octopode Arcane Marksman)    Turns: 2614, Time: 00:02:57

Health: -5/28      AC:  1    Str:  9    XL:     4   Next: 18%
Magic:  7/7        EV: 13    Int: 16    God:
Gold:   152        SH:  0    Dex: 12    Spells: 4/7 levels left

rFire    . . .     SeeInvis .   b - +0 dagger
rCold    . . .     Gourm    .   (no shield)
rNeg     . . .     Faith    .   (helmet restricted)
rPois    .         Spirit   .   (no amulet)
rElec    .         Reflect  .   (no ring)
rCorr    .         Harm     .   (no ring)
MR       .....                  (no ring)
Stlth    ++........             (no ring)
HPRegen  0.09/turn              (no ring)
MPRegen  0.10/turn              (no ring)
                                (no ring)
                                (no ring)

@: no status effects
A: almost no armour, stealthy swim, amphibious, 8 rings, constrict 8, camouflage
1, gelatinous body 1
a: no special abilities


You were on level 3 of the Dungeon.
You were hungry.

You visited 1 branch of the dungeon, and saw 3 of its levels.

You collected 152 gold pieces.

Inventory:

Hand Weapons
 a - a +0 hunting sling
 b - a +0 dagger (weapon)
   (You took it off a goblin on level 1 of the Dungeon)
Missiles
 c - 40 sling bullets
 h - 79 stones (quivered)
 n - a throwing net
Scrolls
 k - a scroll of enchant weapon {unknown}
 l - a scroll of identify {unknown}
 m - a scroll of teleportation {unknown}
Potions
 e - a potion of lignification {unknown}
 f - a potion of mutation {unknown}
 g - a potion of agility {unknown}
 i - 3 potions of curing {unknown}
 j - a potion of might {unknown}
 o - a potion of flight {unknown}
Comestibles
 d - 6 rations


   Skills:
 - Level 1.0 Fighting
 - Level 2.0 Slings
 - Level 2.0 Dodging
 - Level 2.1 Spellcasting
 + Level 4.3 Hexes


You had 4 spell levels left.
You knew the following spells:

 Your Spells              Type           Power        Failure   Level  Hunger
a - Corona                Hex            ###....      3%          1    #......
b - Slow                  Hex            ###.....     4%          2    ###....

Your spell library contained the following spells:

 Spells                   Type           Power        Failure   Level  Hunger
 Inner Flame              Hex/Fire       #.......     26%         3    ###....
 Portal Projectile        Hex/Tloc       #.....       26%         3    ###....
 Cause Fear               Hex            ###.......   32%         4    #####..
 Leda's Liquefaction      Hex/Erth       #.........   63%         4    #####..


Dungeon Overview and Level Annotations

Branches:
Dungeon (3/15)

Altars:

Annotations:
D:1 Sigmund


Innate Abilities, Weirdness & Mutations

You cannot wear most types of armour.
You are very stealthy in the water. (Stealth+)
You are amphibious.
You can wear up to eight rings at the same time.
You can use your tentacles to constrict eight enemies at once.
Your skin changes colour to match your surroundings (Stealth+).
Your rubbery body absorbs attacks. (AC +1, EV +1)


Message History

h - 79 stones (gained 7);
c - 38 sling bullets (gained 5)
You see here a +0 halberd.
c - 40 sling bullets (gained 2)
You start resting.
All of the chunks of flesh in your inventory have rotted away.
HP restored.
You see here a +0 halberd.
You see here a leather armour.
There is a shaft here.
A frilled lizard comes into view.
A frilled lizard is nearby!
A frilled lizard is nearby!
The frilled lizard hisses angrily.
You hit the frilled lizard. You grab the frilled lizard.
The frilled lizard is heavily wounded.
You constrict the frilled lizard.
You kill the frilled lizard!
No target in view!
No target in view!
No target in view!
No target in view!
No target in view!
No target in view!
No target in view!
There is an open door here.
Done exploring.
Done exploring.
Done exploring.
No target in view!
Done exploring.
There is a stone staircase leading down here.
You climb downwards.
A worm and a crimson imp come into view.
Found a ring mail, a hand axe, a spear and a scroll labeled COUR NEB MEYF.
There is a stone staircase leading up here.
Unknown command.
The crimson imp blinks!
You hit the worm. Your grab misses the worm.
The worm is lightly wounded.
The worm bites you!
The crimson imp blinks!
You are feeling hungry.
You barely miss the worm. You grab the worm. You constrict the worm.
You hit the worm.
The worm is lightly wounded.
You constrict the worm, but do no damage.
The worm bites you!
* * * LOW HITPOINT WARNING * * *
The crimson imp blinks!
You release your grip on the worm.
The worm bites you!
You die...

.. #. ####.
##[...#
.......##
........#
.......5# #
......^<##.#
........@..#
.......w####
...ยง...##
.......
..))...
.......
......?
.......


You could see a worm and a crimson imp.

Vanquished Creatures
  2 adders (D:2)
  A gnoll (D:2)
  A dart slug (D:1)
  7 bats
  A giant cockroach (D:2)
  10 goblins
  4 hobgoblins
  2 jackals (D:1)
  A quokka (D:1)
  4 frilled lizards
  4 rats
37 creatures vanquished.

Notes
Turn   | Place    | Note
-------+----------+-------------------------------------------
     0 | D:1      | Flugkiller the Octopode Arcane Marksman began the quest for
                  | the Orb.
     0 | D:1      | Reached XP level 1. HP: 13/13 MP: 2/2
    88 | D:1      | Reached XP level 2. HP: 11/18 MP: 4/4
   955 | D:2      | Reached XP level 3. HP: 22/23 MP: 5/5
   984 | D:2      | Learned a level 2 spell: Slow
  1380 | D:2      | Reached skill level 4 in Hexes
  1759 | D:2      | Noticed Sigmund
  2076 | D:2      | Reached XP level 4. HP: 19/28 MP: 5/7
  2614 | D:3      | Slain by a worm

Levels and vault maps discovered:
D:1:      dpeg_arrival_subterranean_lakeside_camping, layout_basic,
          minmay_misc_feat_rows, dk_noncrumbling_4
D:2:      layout_basic, minmay_box_of_dots, uniq_sigmund
D:3:      layout_rooms, grunt_gozag_statues, uniq_grinder,
          uniq_crazy_yiuf_cottage

Skill      XL: |  1  2  3 |
---------------+----------+-----
Spellcasting   | 2 |  2.1
Hexes          | 4 |  4.3
Fighting       | |  1.0
Slings         | |  2.0
Dodging        | |  2.0

Action                   |  1- 3 |  4- 6 || total
-------------------------+-------+-------++-------
Melee: Unarmed           |    63 |       ||    63
       Constrict         |    27 |     2 ||    29
       Tentacles         |    20 |       ||    20
       Dagger            |    47 |     4 ||    51
 Fire: Hunting sling     |     2 |     8 ||    10
 Cast: Corona            |     6 |     2 ||     8
       Slow              |     2 |     6 ||     8
 Stab: Sleeping          |     2 |       ||     2
  Eat: Chunk             |     2 |       ||     2
       Ration            |     1 |       ||     1
Armor: Skin              |    21 |     1 ||    22
Dodge: Dodged            |   102 |     6 ||   108

Table legend:
 A = Non-vault XP
 B = Vault XP
 C = Vault XP percentage of total XP
 D = Non-vault monster count
 E = Vault monster count
 F = Vault count percentage of total count
                 A         B        C        D         E       F
            +---------+---------+-------+---------+---------+-------
      Total |      73 |      24 |  24.7 |      29 |       8 |  21.6
            +---------+---------+-------+---------+---------+-------
        D:1 |      28 |      10 |  26.3 |      16 |       7 |  30.4
        D:2 |      45 |      14 |  23.7 |      13 |       1 |   7.1
            +---------+---------+-------+---------+---------+-------
